 Dungeon Sprint DCSS version 0.21.1-1-g345015f (webtiles) character file.

202 Fang the Fighter (level 5, 0/60 HPs)
             Began as a Gargoyle Berserker on June 28, 2018.
             Was an Elder of Trog.
             Slain by a wight
             ... wielding a +2 scimitar of freezing
              (4 damage)
             ... in the Dungeon (Sprint VII: "The Pits").
             The game lasted 00:00:39 (180 turns).

Fang the Fighter (Gargoyle Berserker)                Turns: 180, Time: 00:00:40

Health: 0/60       AC:  6    Str: 26    XL:     5   Next: 80%
Magic:  5/5        EV: 13    Int:  8    God:    Trog [****..]
Gold:   0          SH:  0    Dex:  9    Spells: 4/4 levels left

rFire    . . .     SeeInvis .   j - +2 hand axe
rCold    . . .     Gourm    .   (no shield)
rNeg     + . .     Faith    .   b - +0 animal skin
rPois    ∞         Spirit   .   (no helmet)
rElec    +         Reflect  .   (no cloak)
rCorr    .         Harm     .   (no gloves)
MR       .....     NoTele   +   (no boots)
Stlth    ..........             (no amulet)
HPRegen  0.20/turn              (no ring)
MPRegen  0.09/turn              (no ring)

@: berserking, very quick
A: negative energy resistance 1, electricity resistance, unbreathing,
petrification resistance, rot immunity, AC +4
a: Berserk, Trog's Hand, Brothers in Arms, Burn Spellbooks, Renounce Religion


You were in the Dungeon.
You worshipped Trog.
Trog was greatly pleased with you.
You were not hungry.

You visited 1 branch

Inventory:

Hand Weapons
 j - a +2 hand axe (weapon)
Armour
 b - a +0 animal skin (worn)
Scrolls
 i - a scroll of blinking
 k - 3 scrolls of remove curse
 l - a scroll of summoning
Potions
 a - 2 potions of invisibility
 d - a potion of curing
 e - a potion of heal wounds
 f - a potion of haste
 g - 4 potions of magic
 h - 3 potions of berserk rage
Comestibles
 c - 9 rations


   Skills:
 + Level 8.4 Fighting
 + Level 7.1 Axes
 + Level 4.4 Armour
 + Level 3.7 Dodging


You had 4 spell levels left.
You didn't know any spells.

Dungeon Overview and Level Annotations

Branches:
Dungeon (1/1)

Altars:
Cheibriados
Dithmenos
Elyvilon
Fedhas
Gozag
Hepliaklqana
Makhleb
Nemelex Xobeh
Okawaru
Qazlal
Ru
Sif Muna
Trog
Vehumet
Wu Jian
Xom
Yredelemnul
Zin
The Shining One
Beogh
Jiyva
Lugonu


Innate Abilities, Weirdness & Mutations

You are resistant to torment.
Your stone body is resilient. (AC +4)
You are immune to poison.
You resist negative energy. (rN+)
You are resistant to electric shocks. (rElec)
You can survive without breathing.
You are immune to petrification.
You are immune to rotting.


Message History

Your Fighting skill increases to level 8!
Your Axes skill increases to level 7!
You hit the wight. You closely miss the ufetubus. The wight closely misses you.
The ufetubus closely misses you. The ufetubus barely misses you.
The wight closely misses you.
You closely miss the bat. You slash the wight! You slash the ufetubus!
You kill the ufetubus!
Trog accepts your kill.
You can now call in reinforcements.
The bat barely misses you. The bat hits you.
* * * LOW HITPOINT WARNING * * *
Unknown command.
You slash the bat!
You feel the power of Trog in you as your rage grows.
You kill the bat!
Trog accepts your kill.
You hit the wight.
The wight hits you from afar with a halberd!
* * * LOW HITPOINT WARNING * * *
The wight hits you with a scimitar of freezing.
You die...

##########.##..........
#...........'..........
#+#####'#####......#..#
#...†.# #..........
#.....# ####'#####+
###'### #.......#
#.....# #.......#
#.....# #.......#
####@## #...<...#
#...)z...##.......#
#.....z..##.......#
###########.......#
#########


You could see 2 wights.

Vanquished Creatures
  A floating eye (D)
  2 wights (D)
  2 ufetubi (D)
  A bat (D)
  A bat zombie (D)
  A goblin (D)
  4 jackals (D)
  A ball python (D)
13 creatures vanquished.

Notes
Turn   | Place    | Note
-------+----------+-------------------------------------------
     0 | D        | Fang the Gargoyle Berserker began the quest for the Orb.
     0 | D        | Reached XP level 1. HP: 14/14 MP: 1/1
    13 | D        | Noticed a floating eye
    16 | D        | Paralysed by a floating eye for 2 turns
    19 | D        | Killed a floating eye
    19 | D        | Reached skill level 6 in Fighting
    19 | D        | Reached skill level 5 in Axes
    19 | D        | Reached XP level 2. HP: 23/23 MP: 2/2
    19 | D        | Reached XP level 3. HP: 28/28 MP: 3/3
    19 | D        | Reached XP level 4. HP: 32/32 MP: 4/4
    24 | D        | Found a bloodstained altar of Trog.
    24 | D        | Found a deep blue altar of Sif Muna.
    24 | D        | Found a viscous altar of Jiyva.
    24 | D        | Found a hazy altar of Hepliaklqana.
    24 | D        | Found an opulent altar of Gozag.
    25 | D        | Found a glowing golden altar of the Shining One.
    25 | D        | Found a glowing silver altar of Zin.
    25 | D        | Found a basalt altar of Yredelemnul.
    25 | D        | Found a shimmering altar of Xom.
    25 | D        | Found an ornate altar of the Wu Jian Council.
    25 | D        | Found a sacrificial altar of Ru.
    25 | D        | Found a stormy altar of Qazlal.
    25 | D        | Found an iron altar of Okawaru.
    25 | D        | Found a sparkling altar of Nemelex Xobeh.
    25 | D        | Found a burning altar of Makhleb.
    25 | D        | Found a blossoming altar of Fedhas.
    25 | D        | Found a white marble altar of Elyvilon.
    25 | D        | Found a shadowy altar of Dithmenos.
    25 | D        | Found a snail-covered altar of Cheibriados.
    27 | D        | Found a radiant altar of Vehumet.
    27 | D        | Found a corrupted altar of Lugonu.
    27 | D        | Found a roughly hewn altar of Beogh.
    68 | D        | Reached skill level 7 in Fighting
    69 | D        | Reached ** piety under Trog
    81 | D        | Reached *** piety under Trog
   175 | D        | Reached XP level 5. HP: 20/38 MP: 5/5
   176 | D        | Received a gift from Trog
   178 | D        | Reached skill level 8 in Fighting
   179 | D        | Reached **** piety under Trog
   180 | D        | Slain by a wight

Skill      XL: |  1  2  3  4  5 |
---------------+----------------+-----
Fighting       | 6 7 8 |  8.4
Axes           | 5 6 7 |  7.1
Armour         | 3 4 |  4.4
Dodging        | 2 3 |  3.7

Action                   |  1- 3 |  4- 6 || total
-------------------------+-------+-------++-------
Melee: Hand axe          |     4 |    20 ||    24
Invok: Berserk           |       |     1 ||     1
Armor: Animal skin       |       |     7 ||     7
Dodge: Dodged            |       |    23 ||    23
